 Dungeon Crawl Stone Soup version 0.30-a0-223-gcb0039aa0c (webtiles) character file.

Game seed: 14678185334633399536

74 qw the Chopper (level 4, -6/28 HPs)
             Began as a Gargoyle Fighter on Oct 9, 2022.
             Mangled by Sigmund
             ... wielding a +3 scythe
              (10 damage)
             ... on level 3 of the Dungeon.
             The game lasted 00:00:41 (1073 turns).

qw the Chopper (Gargoyle Fighter)                   Turns: 1073, Time: 00:00:42

Health: -6/28      AC: 12    Str: 21    XL:     4   Next: 28%
Magic:  4/4        EV:  7    Int:  9    God:
Gold:   63         SH:  9    Dex:  9    Spells: 3/3 levels left

rFire   . . .      SeeInvis .    Y - +1 war axe
rCold   . . .      Faith    .    c - +0 buckler
rNeg    + . .      Spirit   .    m - +0 chain mail
rPois   inf        Reflect  +    (no helmet)
rElec   +          Harm     .    (no cloak)
rCorr   +          Rampage  .    (no gloves)
Will    .....                    (no boots)
Stlth   ..........               g - amulet of reflection
HPRegen 0.24/turn                j - +4 ring of slaying {mikee}
MPRegen 0.09/turn                n - ring of resist corrosion

@: no status effects
A: sickness immunity, AC +3, negative energy resistance 1, electricity
resistance, torment resistance 1, petrification resistance
a: no special abilities


You were on level 3 of the Dungeon.
You visited 1 branch of the dungeon, and saw 3 of its levels.

You collected 63 gold pieces.


Innate Abilities, Weirdness & Mutations

You are immune to sickness and miasma.
Your stone body is resilient. (AC +3)
You are immune to poison.
You resist negative energy. (rN+)
You are resistant to electric shocks. (rElec)
You are resistant to unholy torment.
You are immune to petrification.


   Skills:
 - Level 3.2 Fighting
 + Level 4.0 Axes
 - Level 3.2 Armour
 - Level 3.2 Shields


You had 3 spell levels left.
You didn't know any spells.
Your spell library was empty.

Inventory:

Hand Weapons
 b - a +0 vampiric whip
 Y - a +1 war axe (weapon)
Armour
 c - a +0 buckler (worn)
 m - a +0 chain mail (worn)
Jewellery
 g - an amulet of reflection (around neck)
 j - a +4 ring of slaying (left hand) {mikee}
 n - a ring of resist corrosion (right hand)
Scrolls
 a - 2 scrolls of identify
 e - a scroll of poison {unknown}
Potions
 d - 2 potions of might
 f - a potion of curing {unknown}
 h - a potion of degeneration {unknown}
 i - a potion of heal wounds {unknown}
 o - a potion of magic {unknown}
 q - a potion of lignification {unknown}

Dungeon Overview and Level Annotations

Branches:
Dungeon (3/15)

Altars:
Hepliaklqana
Ru

Shops:
D:1 !

Annotations:
D:3 Sigmund


Message History

You swing at nothing.
Something hits you but does no damage.
You swing at nothing.
A magic dart appears from out of thin air!
The magic dart hits you. Something hits you!
You swing at nothing.
You swing at nothing.
A magic dart appears from out of thin air!
The magic dart hits you but does no damage.
A magic dart appears from out of thin air!
The magic dart hits you.
You swing at nothing.
Something hits you.
You swing at nothing.
You hear some strange, mumbled words.
A puff of flame appears from out of thin air!
The puff of flame hits you.
You swing at nothing.
You hear the brisk rusting of a very distant drain.
Something hits you.
You swing at nothing.
Something hits you but does no damage.
You swing at nothing.
Something hits you but does no damage.
You swing at nothing.
Something hits you.
You swing at nothing.
You block something's attack.
You swing at nothing.
You swing at nothing.
You hear some strange, mumbled words.
Something tries to affect you, but you resist.
You block something's attack.
You swing at nothing.
You hear some strange, mumbled words.
A puff of flame appears from out of thin air!
The puff of flame misses you.
You swing at nothing.
Something hits you!
You die...

....######.#######.##.......#....
.................................
.............%..............#....
....######.#.#.#.#.##.......#....
###.# #.#.#.#.#.##.......#....
#.######.#.#.#.#.##.......#....
###..........#.#.#.##......)#....
..#..........#.#.#.#####.#..)....
#.#..........#.#@#. #.###..###
#.#.#..........#.# #.# ##...#
#.#.######.#....{. ..# ###.#
........... ..... ## #####.#
~.#.######. #...... #...... ~.#.#
#.......######.###.. ~.#.#
###.###.$............. ~.#.# #...
#########.##... ~.#.# #.# #.##...


There were no monsters in sight!

Vanquished Creatures
  A gnoll (D:1)
  2 adders (D:3)
  An orc (D:3)
  4 ball pythons
  4 bats
  2 endoplasms (D:1)
  A giant cockroach (D:1)
  4 goblins (D:1)
  6 hobgoblins (D:1)
  4 kobolds
  3 quokkas
  3 frilled lizards
  8 rats
43 creatures vanquished.

Notes
Turn   | Place    | Note
-------+----------+-------------------------------------------
     0 | D:1      | qw the Gargoyle Fighter began the quest for the Orb.
     0 | D:1      | Reached XP level 1. HP: 14/14 MP: 1/1
     0 | D:1      | 0 ||| qw: Version: 0.2-a-17-g06abaee
     0 | D:1      | 0 ||| qw: Game counter: 2073
     0 | D:1      | 0 ||| qw: Always use a shield: true
     0 | D:1      | 0 ||| qw: God list: Okawaru
     0 | D:1      | 0 ||| qw: Allow faded altars: false
     0 | D:1      | 0 ||| qw: Do Orc after D:15 true
     0 | D:1      | 0 ||| qw: Do second Lair branch before Depths: true
     0 | D:1      | 0 ||| qw: Lair rune preference: random
     0 | D:1      | 0 ||| qw: Plans: Normal, Zot:1-4, God:TSO, Crypt, Tomb,
                  | Pan, Slime:5, Hells, Abyss, Orb
     0 | D:1      | 0 ||| PLANNING D:1-11
    40 | D:1      | Reached skill level 2 in Axes
    56 | D:1      | Reached XP level 2. HP: 19/19 MP: 2/2
   217 | D:1      | Found Xoer's Distillery.
   278 | D:1      | Reached skill level 3 in Axes
   303 | D:1      | Reached XP level 3. HP: 14/23 MP: 3/3
   466 | D:1      | 466 ||| DROPPING +0 club.
   620 | D:1      | 620 ||| UPGRADING to +0 chain mail.
   630 | D:1      | 630 ||| DROPPING +0 scale mail.
   631 | D:1      | 631 ||| UPGRADING to amulet of reflection.
   636 | D:1      | 636 ||| UPGRADING to +4 ring of slaying {mikee}.
   637 | D:1      | 637 ||| UPGRADING to ring of resist corrosion.
   638 | D:1      | 638 ||| READING scroll labelled VECIOL JO PYMI.
   639 | D:1      | 639 ||| READING scroll labelled FIXAERGH YPNE IST.
   640 | D:1      | 640 ||| READING scroll labelled QUCWAIMUHID.
   641 | D:1      | 641 ||| READING scroll labelled INO FOVOINNOFEG.
   671 | D:2      | You fall into a shaft and drop 1 floor!
   672 | D:3      | 672 ||| PLANNING SEWER
   765 | D:3      | Reached XP level 4. HP: 28/28 MP: 4/4
   784 | D:3      | 784 ||| DROPPING +0 flail.
   864 | D:3      | Reached skill level 4 in Axes
   975 | D:3      | Found a sacrificial altar of Ru.
   975 | D:3      | Found a hazy altar of Hepliaklqana.
  1040 | D:3      | Noticed Sigmund
  1063 | D:3      | HP: 7/28 [something (3)]
  1065 | D:3      | HP: 2/28 [something (3)]
  1073 | D:3      | Mangled by Sigmund

Levels and vault maps discovered:
D:1:      onia_arrival_mini_spirals, layout_basic, serial_shops,
          nicolae_shop_statue_plus
D:2:      layout_loops_ring, minivault_4, fountainhead
D:3:      layout_basic, nicolae_overflow_two_pavilions, gup_sewer_entry_spiral,
          uniq_sigmund, uniq_terence

Skill      XL: |  1  2  3  4 |
---------------+-------------+-----
Axes           | 2 3 4 |  4.0
Fighting       | |  3.2
Armour         | |  3.2
Shields        | |  3.2

Action                   |  1- 3 |  4- 6 || total
-------------------------+-------+-------++-------
Melee: War axe           |    92 |    17 ||   109
  Use: Scroll            |     4 |       ||     4
Armor: Scale mail        |    42 |       ||    42
       Chain mail        |     3 |    16 ||    19
Dodge: Dodged            |    32 |     4 ||    36
Block: Buckler           |    13 |     8 ||    21
       Reflection        |       |     1 ||     1

Table legend:
 A = Non-vault XP
 B = Vault XP
 C = Vault XP percentage of total XP
 D = Non-vault monster count
 E = Vault monster count
 F = Vault count percentage of total count
                 A         B        C        D         E       F
            +---------+---------+-------+---------+---------+-------
      Total |     106 |       0 |   0.0 |      43 |       0 |   0.0
            +---------+---------+-------+---------+---------+-------
        D:1 |      61 |       0 |   0.0 |      29 |       0 |   0.0
        D:2 |       1 |       0 |   0.0 |       1 |       0 |   0.0
        D:3 |      44 |       0 |   0.0 |      13 |       0 |   0.0
            +---------+---------+-------+---------+---------+-------
